 Dungeon Crawl Stone Soup version 0.29-a0-550-g81e455f4c2 (webtiles) character file.

Game seed: 9810122966021572374

37 Lekart the Skirmisher (level 3, -1/33 HPs)
             Began as a Draconian Abyssal Knight on June 5, 2022.
             Was a Believer of Lugonu.
             Slain by Terence
             ... wielding a +0 falchion
              (9 damage)
             ... on level 3 of the Dungeon.
             The game lasted 00:02:12 (1340 turns).

Lekart the Skirmisher (Draconian Abyssal Knight)    Turns: 1340, Time: 00:02:12

Health: -1/33      AC:  5    Str: 15    XL:     3   Next: 21%
Magic:  0/4        EV: 12    Int: 10    God:    Lugonu [**....]
Gold:   50         SH:  0    Dex: 13    Spells: 2/2 levels left

rFire   . . .      SeeInvis .   a - +1 hand axe
rCold   . . .      Faith    .   (no shield)
rNeg    . . .      Spirit   +   (body armour unavailable)
rPois   .          Reflect  .   (helmet restricted)
rElec   .          Harm     .   (no cloak)
rCorr   .          Rampage  .   (no gloves)
Will    .....                   (no boots)
Stlth   +.........              b - amulet of guardian spirit
HPRegen 0.11/turn               (no ring)
MPRegen 0.09/turn               (no ring)

@: no status effects
A: AC +5, unfitting armour, cold-blooded
a: Renounce Religion, Depart the Abyss, Bend Space


You were on level 3 of the Dungeon.
You worshipped Lugonu.
Lugonu was pleased with you.
You visited 1 branch of the dungeon, and saw 3 of its levels.
You visited the Abyss 1 time.

You collected 50 gold pieces.

Inventory:

Hand Weapons
 a - a +1 hand axe (weapon)
Jewellery
 b - an amulet of guardian spirit (around neck)
Scrolls
 c - a scroll of acquirement {unknown}
 d - a scroll of enchant armour {unknown}
 e - 4 scrolls of identify {unknown}
 f - a scroll of fear {unknown}
 h - a scroll of brand weapon {unknown}
Potions
 g - a potion of might {unknown}
 i - a potion of curing


   Skills:
 + Level 3.9 Fighting
 + Level 2.3 Axes
 + Level 2.4 Dodging
 * Level 2.6 Invocations


You had 2 spell levels left.
You didn't know any spells.
Your spell library was empty.

Dungeon Overview and Level Annotations

Branches:
Dungeon (3/15)

Altars:

Shops:
D:1 *

Annotations:
D:3 Terence


Innate Abilities, Weirdness & Mutations

Your plain brown scales are hard. (AC +5)
You cannot fit into any form of body armour.
You are cold-blooded and may be slowed by cold attacks.


Message History

Terence closely misses you.
You hit Terence but do no damage.
Terence is moderately wounded.
Terence barely misses you.
You hit Terence.
Terence is heavily wounded.
Terence closely misses you.
You barely miss Terence.
Terence is heavily wounded.
Terence hits you but does no damage. Terence closely misses you.
You closely miss Terence.
Terence is heavily wounded.
Terence closely misses you.
You barely miss Terence.
Terence is heavily wounded.
Terence hits you with a +0 falchion.
You hit Terence. You tail-slap Terence.
Terence is almost dead.
Terence drinks a potion.
Terence is healed!
You hit Terence but do no damage.
Terence is moderately wounded.
Terence closely misses you.
You hit Terence but do no damage.
Terence is moderately wounded.
Terence bares his teeth.
Terence hits you with a +0 falchion.
You barely miss Terence.
Terence is moderately wounded.
Terence hits you with a +0 falchion!
* * * LOW HITPOINT WARNING * * *
Terence hits you with a +0 falchion.
* * * LOW HITPOINT WARNING * * *
You closely miss Terence.
Terence is moderately wounded.
Terence hits you with a +0 falchion.
You feel better. Terence hits you with a +0 falchion.
* * * LOW HITPOINT WARNING * * *
Terence attacks as you move away! Terence closely misses you.
Terence attacks as you move away! Terence hits you with a +0 falchion!
You die...

#.##.......####
.......
#.####...#########
##.....
..........##.....##.##
###...
#.#####.#.##..........
..... ...
...#.......#### ####.
#.###....<#.# ##
...........#.# #
.......##.###.#### #
...####...>..@...# .
..##...@...# ###
##......# #......#
#......# #......#
#......# #..=...#
#......#


You could see Terence.

Vanquished Creatures
  A worm (D:3)
  An orc (D:3)
  3 ball pythons
  3 bats
  An endoplasm (D:3)
  A giant cockroach (D:3)
  4 goblins
  8 jackals (D:1)
  A quokka (D:3)
  A kobold (D:1)
  4 rats (D:1)
28 creatures vanquished.

Notes
Turn   | Place    | Note
-------+----------+-------------------------------------------
     0 | Abyss:1  | Lekart the Draconian Abyssal Knight began the quest for the
                  | Orb.
     0 | Abyss:1  | Reached XP level 1. HP: 19/19 MP: 2/2
    11 | D:1      | Escaped the Abyss
   262 | D:1      | Reached XP level 2. HP: 26/26 MP: 3/3
   474 | D:1      | Found Izoexul's Assorted Antiques.
  1029 | D:3      | Reached XP level 3. HP: 29/33 MP: 4/4
  1311 | D:3      | Noticed Terence
  1340 | D:3      | Slain by Terence

Illustrated notes

Levels and vault maps discovered:
D:1:      dpeg_arrival_round_b, layout_basic, serial_shops, shop
D:2:      minmay_angry_zag, layout_basic
D:3:      layout_rooms, chequers_serial_rivers_small_3, uniq_jessica,
          uniq_terence

Action                   || total
-------------------------++-------
Melee: Hand axe          ||    87
       Tailslap          ||    17
       Punch             ||     1
Throw: Javelin           ||     3
  Use: Potion            ||     2
 Stab: Sleeping          ||     2
Armor: Skin              ||    34
Dodge: Dodged            ||    69

Table legend: (Time is in decaauts)
 A = Elapsed time spent in this place.
 B = Non-inter-level travel time spent in this place.
 C = Inter-level travel time spent in this place.
 D = Time resting spent in this place.
 E = Time spent auto-exploring this place.
 F = Levels seen in this place.
 G = Mean time per level.
                   A        B        C        D        E       F      G
               +--------+--------+--------+--------+--------+-----+--------+
         Total |   1348 |   1284 |     64 |      0 |   1057 |   4 |  337.0 |
       Dungeon |   1337 |   1273 |     64 |      0 |   1052 |   3 |  445.7 |
         Abyss |     11 |     11 |      0 |      0 |      5 |   1 |   11.0 |
               +--------+--------+--------+--------+--------+-----+--------+

Top non-repeatable levels by time:
     D:1: 880 daAuts
     D:3: 324 daAuts
     D:2: 132 daAuts
 Abyss:1: 11 daAuts
